| TOP OF THE 1ST |
|
Hagerstown Suns batting - Pitching for South Bend Cubs : RHP Scott Hanson
|
|
Pitching: RHP Scott Hanson
|
|
|
Batting: RHB Taffounnout Kame
|
0-0: Called Strike 0-1: Called Strike 0-2: Ball 1-2: Strikes out looking
|
|
Batting: RHB Qian Tai
|
0-0: Ball 1-0: Foul Ball, location: 2F 1-1: Swinging Strike 1-2: Ball 2-2: Foul Ball, location: 2F 2-2: Ball 3-2: Base on Balls
|
|
Batting: RHB Pat Scaturro
|
0-0: SINGLE (Groundball, 25, EV 69.4 MPH) (infield hit) Qian Tai to second
|
|
Batting: RHB Leo Gutierrez
|
0-0: Fielders Choice at 2nd, 1-6 (Groundball, 13, EV 70.0 MPH) Qian Tai to third
|
|
Batting: RHB Xavier Reeves
|
0-0: SINGLE (Line Drive, 89S, EV 89.4 MPH) Qian Tai scores Leo Gutierrez to second Runner from 2nd tries for 3rd, SAFE, throw by RF made to third
|
|
Batting: SHB Fernando Fundora
|
0-0: Ball 1-0: Reached on error, E4 (Groundball, 4, EV 85.0 MPH) Leo Gutierrez scores Xavier Reeves to third
|
|
Batting: RHB Vasag Semerjian
|
0-0: Ball 1-0: Swinging Strike 1-1: Foul Ball, location: 2F 1-2: Ground out 6-3 (Groundball, 6, EV 85.0 MPH)
|
| Top of the 1st over - 2 runs, 2 hits, 1 error, 2 left on base; Hagerstown 2 - South Bend 0 |
| BOTTOM OF THE 1ST |
|
South Bend Cubs batting - Pitching for Hagerstown Suns : LHP Ed Thorpe Jr.
|
|
Pitching: LHP Ed Thorpe Jr.
|
|
|
Batting: RHB Dan Orozco
|
0-0: Ball 1-0: Ball 2-0: Ball 3-0: Called Strike 3-1: Foul Ball, location: 2F 3-2: Strikes out swinging
|
|
Batting: RHB Adrian Cox
|
0-0: Ground out 6-3 (Groundball, 6, EV 86.9 MPH)
|
|
Batting: RHB Mike Stein
|
0-0: Fly out, F9 (Line Drive, 9D, EV 90.0 MPH)
|
| Bottom of the 1st over - 0 runs, 0 hits, 0 errors, 0 left on base; Hagerstown 2 - South Bend 0 |
| TOP OF THE 2ND |
|
Hagerstown Suns batting - Pitching for South Bend Cubs : RHP Scott Hanson
|
|
Batting: RHB Luis Vargas
|
0-0: Ball 1-0: Ball 2-0: Ball 3-0: Base on Balls
|
|
Pitching: LHP Mike Anderson
|
|
|
Batting: RHB Jessie Fisher
|
0-0: SINGLE (Line Drive, 6MD, EV 101.9 MPH) Luis Vargas to second
|
|
Batting: RHB Taffounnout Kame
|
0-0: Ball 1-0: Ball 2-0: SINGLE (Groundball, 56S, EV 73.8 MPH) (infield hit) Luis Vargas to third Jessie Fisher to second
|
|
Batting: RHB Qian Tai
|
0-0: Reached on error, E6 (Groundball, 56, EV 113.8 MPH) Luis Vargas scores Jessie Fisher to third Taffounnout Kame to second
|
|
Batting: RHB Pat Scaturro
|
0-0: DOUBLE (Groundball, 5L, EV 106.2 MPH) Jessie Fisher scores Taffounnout Kame scores Qian Tai to third
|
|
Batting: RHB Leo Gutierrez
|
0-0: Ball 1-0: Ball 2-0: Foul Ball, location: 2F 2-1: Foul Ball, location: 2F 2-2: Ground out 5-3 (Groundball, 56S, EV 82.5 MPH) Qian Tai scores
|
|
Batting: RHB Xavier Reeves
|
0-0: SINGLE (Line Drive, 8RS, EV 94.4 MPH) Pat Scaturro to third
|
|
Batting: SHB Fernando Fundora
|
0-0: Called Strike 0-1: SINGLE (Line Drive, 34D, EV 106.9 MPH) Pat Scaturro scores Xavier Reeves to second Runner from 2nd tries for 3rd, OUT! 9-5
|
|
Pitching: LHP Dusty Blubaugh
|
|
|
Batting: RHB Vasag Semerjian
|
0-0: Ball 1-0: Called Strike 1-1: Ball 2-1: DOUBLE (Line Drive, 78M, EV 103.8 MPH) Fernando Fundora to third
|
|
Batting: RHB Luis Vargas
|
0-0: Ball 1-0: Swinging Strike 1-1: Ball 2-1: Ball 3-1: Foul Ball, location: 2F 3-2: Base on Balls
|
|
Batting: RHB Jessie Fisher
|
0-0: Ball 1-0: Ball 2-0: Swinging Strike 2-1: Swinging Strike 2-2: Ball 3-2: Strikes out swinging
|
| Top of the 2nd over - 5 runs, 6 hits, 1 error, 3 left on base; Hagerstown 7 - South Bend 0 |
| BOTTOM OF THE 2ND |
|
South Bend Cubs batting - Pitching for Hagerstown Suns : LHP Ed Thorpe Jr.
|
|
Batting: RHB Mike Hill
|
0-0: Ball 1-0: Called Strike 1-1: Ball 2-1: Swinging Strike 2-2: Strikes out swinging
|
|
Batting: RHB David Bousfield
|
0-0: Called Strike 0-1: Ball 1-1: Ball 2-1: SINGLE (Groundball, 34D, EV 106.2 MPH)
|
|
Batting: RHB Dave de Wolff
|
0-0: Ball David Bousfield steals 2nd base 1-0: Ball 2-0: Ball 3-0: Called Strike 3-1: Base on Balls
|
|
Batting: RHB Josh Burns
|
0-0: Ground out 5-3 (Groundball, 56S, EV 73.8 MPH) David Bousfield to third Dave de Wolff to second
|
|
Batting: RHB Ryan Bush
|
0-0: Foul Ball, location: 2F 0-1: Swinging Strike 0-2: Strikes out swinging
|
| Bottom of the 2nd over - 0 runs, 1 hit, 0 errors, 2 left on base; Hagerstown 7 - South Bend 0 |
| TOP OF THE 3RD |
|
Hagerstown Suns batting - Pitching for South Bend Cubs : LHP Dusty Blubaugh
|
|
Batting: RHB Taffounnout Kame
|
0-0: Ball 1-0: Ball 2-0: Called Strike 2-1: Ball 3-1: Fly out, F8 (Flyball, 8LD, EV 99.4 MPH)
|
|
Pitching: RHP Melvin Orengo
|
|
|
Batting: RHB Qian Tai
|
0-0: Fly out, F9 (Line Drive, 89M, EV 95.6 MPH)
|
|
Batting: RHB Pat Scaturro
|
0-0: Ball 1-0: Ball 2-0: Ball 3-0: Called Strike 3-1: Base on Balls
|
|
Batting: RHB Leo Gutierrez
|
0-0: Foul Ball, location: 2F 0-1: Called Strike 0-2: Ball 1-2: Ball 2-2: Strikes out swinging
|
| Top of the 3rd over - 0 runs, 0 hits, 0 errors, 1 left on base; Hagerstown 7 - South Bend 0 |
| BOTTOM OF THE 3RD |
|
South Bend Cubs batting - Pitching for Hagerstown Suns : LHP Ed Thorpe Jr.
|
|
Batting: RHB Victor Ramirez
|
0-0: Called Strike 0-1: Foul Ball, location: 2F 0-2: Strikes out looking
|
|
Batting: RHB Dan Orozco
|
0-0: Swinging Strike 0-1: Foul Ball, location: 2F 0-2: Ball 1-2: Foul Ball, location: 2F 1-2: Foul Ball, location: 2F 1-2: Foul Ball, location: 2F 1-2: Strikes out looking
|
|
Batting: RHB Adrian Cox
|
0-0: Ground out 6-3 (Groundball, 6, EV 100.6 MPH)
|
| Bottom of the 3rd over - 0 runs, 0 hits, 0 errors, 0 left on base; Hagerstown 7 - South Bend 0 |
| TOP OF THE 4TH |
|
Hagerstown Suns batting - Pitching for South Bend Cubs : RHP Melvin Orengo
|
|
Batting: RHB Xavier Reeves
|
0-0: Ball 1-0: Ground out 4-3 (Groundball, 4, EV 102.5 MPH)
|
|
Batting: SHB Fernando Fundora
|
0-0: Ball 1-0: Called Strike 1-1: Foul Ball, location: 2F 1-2: Ball 2-2: Ball 3-2: Fly out, F7 (Line Drive, 78M, EV 100.6 MPH)
|
|
Pitching: RHP Steve Vint
|
|
|
Batting: RHB Vasag Semerjian
|
0-0: Called Strike 0-1: Ball 1-1: Fly out, F8 (Flyball, 8RD, EV 98.8 MPH)
|
| Top of the 4th over - 0 runs, 0 hits, 0 errors, 0 left on base; Hagerstown 7 - South Bend 0 |
| BOTTOM OF THE 4TH |
|
South Bend Cubs batting - Pitching for Hagerstown Suns : LHP Ed Thorpe Jr.
|
|
Batting: RHB Mike Stein
|
0-0: Swinging Strike 0-1: Ball 1-1: Called Strike 1-2: Strikes out looking
|
|
Batting: RHB Mike Hill
|
0-0: Ball 1-0: Foul Ball, location: 2F 1-1: Ball 2-1: Swinging Strike 2-2: Ball 3-2: SINGLE (Line Drive, 5L, EV 100.0 MPH)
|
|
Batting: RHB David Bousfield
|
0-0: Foul Ball, location: 2F 0-1: Swinging Strike 0-2: Ball 1-2: Strikes out swinging
|
|
Batting: RHB Dave de Wolff
|
0-0: Swinging Strike 0-1: Ball 1-1: Ball 2-1: Ball 3-1: TRIPLE (Line Drive, 89XD, EV 107.5 MPH) Mike Hill scores
|
|
Batting: RHB Josh Burns
|
0-0: Called Strike 0-1: Ball 1-1: Ball 2-1: Called Strike 2-2: Strikes out swinging
|
| Bottom of the 4th over - 1 run, 2 hits, 0 errors, 1 left on base; Hagerstown 7 - South Bend 1 |
| TOP OF THE 5TH |
|
Hagerstown Suns batting - Pitching for South Bend Cubs : RHP Steve Vint
|
|
Batting: RHB Luis Vargas
|
0-0: Swinging Strike 0-1: Foul Ball, location: 2F 0-2: Strikes out looking
|
|
Batting: RHB Jessie Fisher
|
0-0: Ball 1-0: Ball 2-0: Foul Ball, location: 2F 2-1: Swinging Strike 2-2: Fly out, F6 (Popup, P, EV 86.2 MPH)
|
|
Batting: RHB Taffounnout Kame
|
0-0: Ball 1-0: Ball 2-0: Ball 3-0: Base on Balls
|
|
Batting: RHB Qian Tai
|
0-0: Ball 1-0: Called Strike 1-1: Ball 2-1: Swinging Strike 2-2: Ball 3-2: Base on Balls Taffounnout Kame to second
|
|
Pitching: RHP Angel Pesina
|
|
|
Batting: RHB Pat Scaturro
|
0-0: Called Strike 0-1: Ground out 4-3 (Groundball, 4S, EV 70.6 MPH)
|
| Top of the 5th over - 0 runs, 0 hits, 0 errors, 2 left on base; Hagerstown 7 - South Bend 1 |
| BOTTOM OF THE 5TH |
|
South Bend Cubs batting - Pitching for Hagerstown Suns : LHP Ed Thorpe Jr.
|
|
Batting: RHB Ryan Bush
|
0-0: Called Strike 0-1: Called Strike 0-2: Ground out 6-3 (Groundball, 6, EV 86.9 MPH)
|
|
Batting: RHB Victor Ramirez
|
0-0: Ball 1-0: Called Strike 1-1: Foul Ball, location: 2F 1-2: Strikes out swinging
|
|
Batting: RHB Dan Orozco
|
0-0: Ball 1-0: Called Strike 1-1: Swinging Strike 1-2: Ball 2-2: Ball 3-2: Base on Balls
|
|
Batting: RHB Adrian Cox
|
0-0: Foul Ball, location: 2F 0-1: SINGLE (Groundball, 6M, EV 95.6 MPH) (infield hit) Dan Orozco to second
|
|
Batting: RHB Mike Stein
|
0-0: Ball 1-0: Ball 2-0: Ball 3-0: Called Strike 3-1: Called Strike 3-2: Foul Ball, location: 2F 3-2: SINGLE (Groundball, 56D, EV 102.5 MPH) Dan Orozco to third Adrian Cox to second Dan Orozco scores Adrian Cox to third
|
|
Batting: RHB Mike Hill
|
0-0: Ball 1-0: Fielders Choice at 2nd, 6-4 (Groundball, 6, EV 85.0 MPH)
|
| Bottom of the 5th over - 1 run, 2 hits, 0 errors, 2 left on base; Hagerstown 7 - South Bend 2 |
| TOP OF THE 6TH |
|
Hagerstown Suns batting - Pitching for South Bend Cubs : RHP Angel Pesina
|
|
Batting: RHB Leo Gutierrez
|
0-0: Ball 1-0: Called Strike 1-1: Swinging Strike 1-2: Foul Ball, location: 2F 1-2: DOUBLE (Line Drive, 9LM, EV 98.8 MPH)
|
|
Batting: RHB Xavier Reeves
|
0-0: Ball 1-0: TRIPLE (Line Drive, 89XD, EV 101.2 MPH) Leo Gutierrez scores
|
|
Batting: SHB Fernando Fundora
|
0-0: Called Strike 0-1: Called Strike 0-2: Ball 1-2: Foul Ball, location: 2F 1-2: Foul Ball, location: 2F 1-2: Strikes out swinging
|
|
Batting: RHB Vasag Semerjian
|
0-0: Called Strike 0-1: Ball 1-1: Swinging Strike 1-2: Ground out 4-3 (Groundball, 4, EV 106.9 MPH) Xavier Reeves scores
|
|
Pitching: RHP Andrew Dopp
|
|
|
Batting: RHB Luis Vargas
|
0-0: Called Strike 0-1: Foul Ball, location: 2F 0-2: Ball 1-2: Strikes out looking
|
| Top of the 6th over - 2 runs, 2 hits, 0 errors, 0 left on base; Hagerstown 9 - South Bend 2 |
| BOTTOM OF THE 6TH |
|
South Bend Cubs batting - Pitching for Hagerstown Suns : LHP Ed Thorpe Jr.
|
|
Pitching: RHP Gary Simmons
|
|
|
Batting: RHB David Bousfield
|
0-0: Called Strike 0-1: Foul Ball, location: 2F 0-2: Ball 1-2: Strikes out swinging
|
|
Batting: RHB Dave de Wolff
|
0-0: Ball 1-0: SOLO HOME RUN (Flyball, 78XD, EV 105.6 MPH), Distance : 406 ft
|
|
Batting: RHB Josh Burns
|
0-0: Called Strike 0-1: Foul Ball, location: 2F 0-2: Strikes out looking
|
|
Batting: RHB Ryan Bush
|
0-0: Ball 1-0: Called Strike 1-1: Fly out, F9 (Line Drive, 89M, EV 97.5 MPH)
|
| Bottom of the 6th over - 1 run, 1 hit, 0 errors, 0 left on base; Hagerstown 9 - South Bend 3 |
| TOP OF THE 7TH |
|
Hagerstown Suns batting - Pitching for South Bend Cubs : RHP Andrew Dopp
|
|
Batting: RHB Jessie Fisher
|
0-0: Ball 1-0: Foul Ball, location: 2F 1-1: Foul Ball, location: 2F 1-2: Ball 2-2: Foul Ball, location: 2F 2-2: Foul Ball, location: 2F 2-2: Ball 3-2: Strikes out swinging
|
|
Batting: RHB Taffounnout Kame
|
0-0: Ball 1-0: Called Strike 1-1: Ball 2-1: SINGLE (Groundball, 56D, EV 102.5 MPH)
|
|
Batting: RHB Qian Tai
|
0-0: Ball Taffounnout Kame steals 2nd base (no throw) 1-0: Called Strike 1-1: Ball 2-1: Swinging Strike 2-2: Foul Ball, location: 2F 2-2: Ball 3-2: SINGLE (Flyball, 56D, EV 90.6 MPH) Taffounnout Kame to third
|
|
Batting: RHB Pat Scaturro
|
0-0: Called Strike 0-1: Ball 1-1: Swinging Strike 1-2: Ball 2-2: Ball 3-2: Grounds into double play, 4-6-3 (Groundball, 4, EV 81.2 MPH)
|
| Top of the 7th over - 0 runs, 2 hits, 0 errors, 1 left on base; Hagerstown 9 - South Bend 3 |
| BOTTOM OF THE 7TH |
|
South Bend Cubs batting - Pitching for Hagerstown Suns : RHP Gary Simmons
|
|
Batting: RHB Victor Ramirez
|
0-0: Foul Ball, location: 2F 0-1: Called Strike 0-2: Ball 1-2: Ball 2-2: Ground out 6-3 (Groundball, 6D, EV 76.9 MPH)
|
|
Batting: RHB Dan Orozco
|
0-0: Ball 1-0: Called Strike 1-1: Swinging Strike 1-2: Strikes out swinging
|
|
Batting: RHB Adrian Cox
|
0-0: Ball 1-0: Called Strike 1-1: Ball 2-1: Foul Ball, location: 2F 2-2: Strikes out swinging
|
| Bottom of the 7th over - 0 runs, 0 hits, 0 errors, 0 left on base; Hagerstown 9 - South Bend 3 |
| TOP OF THE 8TH |
|
Hagerstown Suns batting - Pitching for South Bend Cubs : RHP Andrew Dopp
|
|
Batting: RHB Leo Gutierrez
|
0-0: Swinging Strike 0-1: Ball 1-1: Ball 2-1: SINGLE (Line Drive, 9S, EV 102.5 MPH)
|
|
Batting: RHB Xavier Reeves
|
0-0: Ball 1-0: SINGLE (Groundball, 4D, EV 97.5 MPH) Leo Gutierrez to second Throwing error, E8 Leo Gutierrez scores Xavier Reeves to second
|
|
Batting: SHB Fernando Fundora
|
0-0: Called Strike 0-1: Ball 1-1: Swinging Strike 1-2: DOUBLE (Line Drive, 7LD, EV 98.8 MPH) Xavier Reeves scores
|
|
Batting: RHB Vasag Semerjian
|
0-0: Foul Ball, location: 2F 0-1: Ground out 6-3 (Groundball, 6, EV 83.8 MPH)
|
|
Batting: RHB Luis Vargas
|
0-0: Called Strike 0-1: Fly out, F9 (Flyball, 9S, EV 82.5 MPH)
|
|
Batting: RHB Jessie Fisher
|
0-0: Ball 1-0: Foul Ball, location: 2F 1-1: Foul Ball, location: 2F 1-2: Ground out 5-3 (Groundball, 5, EV 83.8 MPH)
|
| Top of the 8th over - 2 runs, 3 hits, 1 error, 1 left on base; Hagerstown 11 - South Bend 3 |
| BOTTOM OF THE 8TH |
|
South Bend Cubs batting - Pitching for Hagerstown Suns : RHP Gary Simmons
|
|
Batting: RHB Mike Stein
|
0-0: Foul Ball, location: 2F 0-1: Ground out 6-3 (Groundball, 6, EV 88.8 MPH)
|
|
Batting: RHB Mike Hill
|
0-0: Swinging Strike 0-1: SINGLE (Line Drive, 3D, EV 105.6 MPH)
|
|
Batting: RHB David Bousfield
|
0-0: Called Strike 0-1: Called Strike 0-2: Foul Ball, location: 2F 0-2: Ball 1-2: Ball 2-2: Fly out, F8 (Flyball, 8LD, EV 98.8 MPH)
|
|
Batting: RHB Dave de Wolff
|
0-0: Ball 1-0: Called Strike 1-1: SINGLE (Line Drive, 4D, EV 100.0 MPH) Mike Hill to second Runner from 2nd tries for 3rd, OUT! 8-5
|
| Bottom of the 8th over - 0 runs, 2 hits, 0 errors, 1 left on base; Hagerstown 11 - South Bend 3 |
| TOP OF THE 9TH |
|
Hagerstown Suns batting - Pitching for South Bend Cubs : RHP Andrew Dopp
|
|
Batting: RHB Taffounnout Kame
|
0-0: Ground out 1-3 (Groundball, 13S, EV 73.1 MPH)
|
|
Batting: RHB Qian Tai
|
0-0: Ball 1-0: SINGLE (Groundball, 56D, EV 101.2 MPH)
|
|
Batting: RHB Pat Scaturro
|
0-0: Called Strike 0-1: Ball 1-1: Swinging Strike 1-2: Ball 2-2: Ball 3-2: Foul Ball, location: 2F 3-2: Base on Balls Qian Tai to second
|
|
Batting: RHB Leo Gutierrez
|
0-0: Ball 1-0: Foul Ball, location: 2F 1-1: Swinging Strike 1-2: Ball 2-2: Foul Ball, location: 2F 2-2: TRIPLE (Flyball, 89XD, EV 106.2 MPH) Qian Tai scores Pat Scaturro scores
|
|
Pitching: LHP Gilberto Alvarado
|
|
|
Batting: RHB Xavier Reeves
|
0-0: Fly out, F6 (Line Drive, 6, EV 67.5 MPH)
|
|
Batting: SHB Fernando Fundora
|
0-0: Called Strike 0-1: Called Strike 0-2: Ball 1-2: Ball 2-2: Ball Wild Pitch! Leo Gutierrez scores 3-2: Ground out 1-3 (Groundball, 34S, EV 71.9 MPH)
|
| Top of the 9th over - 3 runs, 2 hits, 0 errors, 0 left on base; Hagerstown 14 - South Bend 3 |
| BOTTOM OF THE 9TH |
|
South Bend Cubs batting - Pitching for Hagerstown Suns : RHP Gary Simmons
|
|
Batting: RHB Josh Burns
|
0-0: Called Strike 0-1: Ball 1-1: Called Strike 1-2: Strikes out swinging
|
|
Batting: RHB Ryan Bush
|
0-0: Ball 1-0: Swinging Strike 1-1: Foul Ball, location: 2F 1-2: Strikes out swinging
|
|
Batting: RHB Victor Ramirez
|
0-0: Ball 1-0: Swinging Strike 1-1: Ball 2-1: Swinging Strike 2-2: Strikes out swinging
|
| Bottom of the 9th over - 0 runs, 0 hits, 0 errors, 0 left on base; Hagerstown 14 - South Bend 3 |
|